 Dungeon Crawl Stone Soup version 0.31-a0-1591-g515db51633 (webtiles) character file.

Game seed: 7145764625633365069

1795 anacleto the Ruffian (level 8, -1/80 HPs)
             Began as a Troll Gladiator on Jan 7, 2024.
             Slain by a komodo dragon (19 damage)
             ... on level 6 of the Dungeon.
             The game lasted 00:12:42 (4546 turns).

anacleto the Ruffian (Troll Gladiator)              Turns: 4546, Time: 00:12:43

Health: -1/80      AC:  5    Str: 25    XL:     8   Next: 83%
Magic:  9/9        EV: 10    Int:  4    God:
Gold:   264        SH:  0    Dex: 11    Spells: 7/7 levels left

rFire   + .          .
                       - Unarmed
rCold   + . .        (no shield)
rNeg    . . .        f - +1 robe {rC+ rF+}
rPois   .            b - +0 hat
rElec   .            (no cloak)
rCorr   .            (gloves unavailable)
SInv    .            (boots unavailable)
Will    .....        (no amulet)
Stlth   +            (no ring)
HPRegen 1.13/turn    (no ring)
MPRegen 0.11/turn

%: no passive effects
@: no status effects
A: large, unfitting armour, claws 3, regeneration 1, shaggy fur 1, tough skin 1
a: no special abilities


You were on level 6 of the Dungeon.
You visited 1 branch of the dungeon, and saw 6 of its levels.

You collected 264 gold pieces.

Inventory:

Missiles
 c - 4 throwing nets
 d - a large rock
 q - 3 poisoned darts (quivered)
Armour
 b - a +0 hat (worn)
 f - a +1 robe of resistance (worn)
Talismans
 l - a flux talisman
Wands
 s - a wand of iceblast (14)
Scrolls
 i - 3 scrolls of teleportation
 m - 2 scrolls of poison {unknown}
 n - 2 scrolls of noise {unknown}
 p - 2 scrolls of amnesia
 u - a scroll of blinking {unknown}
Potions
 a - 2 potions of attraction
 e - 2 potions of enlightenment {unknown}
 g - 2 potions of haste {unknown}
 h - 5 potions of heal wounds
 j - 4 potions of lignification
 k - a potion of mutation {unknown}
 o - 2 potions of ambrosia {unknown}
 r - a potion of curing {unknown}
 t - a potion of invisibility {unknown}


   Skills:
 * Level 5.2 Fighting
 + Level 4.3 Throwing
 - Level 2.4 Dodging
 * Level 6.7 Unarmed Combat
 + Level 3.7 Invocations
 + Level 3.5 Shapeshifting


You had 7 spell levels left.
You didn't know any spells.
Your spell library contained the following spells:

 Spells                   Type           Power      Damage    Failure   Level
 Summon Small Mammal      Summ           0%         N/A       50%         1
 Ensorcelled Hibernation  Hex/Ice        0%         N/A       65%         2
 Call Canine Familiar     Summ           0%         N/A       86%         3
 Ozocubu's Armour         Ice            0%         N/A       86%         3
 Passwall                 Erth           0%         N/A       86%         3
 Swiftness                Air            0%         N/A       86%         3
 Summon Blazeheart Golem  Fire/Summ      0%         N/A       99%         4
 Iskenderun's Battlesphe  Conj           0%         2d6       100%        5
 Metabolic Englaciation   Hex/Ice        0%         N/A       100%        5
 Bombard                  Conj/Erth      0%         9d1       100%        6
 Sculpt Simulacrum        Ice/Alch       0%         N/A       100%        6
 Spellforged Servitor     Conj/Summ      0%         N/A       100%        7


Dungeon Overview and Level Annotations

Branches:
Dungeon (6/15)
 Temple: D:4-7

Altars:
Nemelex Xobeh
Wu Jian

Shops:
D:5 =


Innate Abilities, Weirdness & Mutations

You are too large for most types of armour.
You have claws for hands.
Your natural rate of healing is unusually fast.
You are covered in fur. (AC +1)
You have tough skin. (AC +1)


Message History

The wight barely misses you.
You scratch the wight.
The wight is almost destroyed.
The wight hits you with a +0 spear.
You closely miss the wight.
The wight is almost destroyed.
The wight hits you with a +0 spear!
You scratch the wight but do no damage.
The wight is almost destroyed.
The wight barely misses you.
You scratch the wight.
You destroy the wight!
Things that are here:
a +0 spear; a +0 robe You start resting.
HP restored.
Found a stone staircase leading up.
A komodo dragon comes into view.
The komodo dragon hisses angrily.
Found 3 scrolls labelled FEUSAK ZY OMMO.
There is a stone staircase leading up here.
You scratch the komodo dragon but do no damage.
The komodo dragon bites you!!
You barely miss the komodo dragon. You claw the komodo dragon.
The komodo dragon is lightly wounded.
The komodo dragon closely misses you.
You claw the komodo dragon!
The komodo dragon is moderately wounded.
The komodo dragon completely misses you.
You scratch the komodo dragon. You claw the komodo dragon!
The komodo dragon is heavily wounded.
The komodo dragon bites you!!
You scratch the komodo dragon.
The komodo dragon is severely wounded.
The komodo dragon bites you!!
* * * LOW HITPOINT WARNING * * *
You claw the komodo dragon!
The komodo dragon is almost dead.
The komodo dragon bites you!!
You die...

. ######.#.
#..# ..
#.....?.. ...
... #@# # ...
....###l####.#.
..
....l..........
.#
###............
##.#
#####.####.#.
#..# #.####.#.
#<#
#######........
#.#
#..............
#.#
#.#####.#######


You could see a komodo dragon.

Vanquished Creatures
  A two-headed ogre (D:4)
  Sigmund (D:2)
  An ogre (D:4)
  A centaur (D:5)
  A phantom (D:5)
  2 wights (D:6)
  2 bombardier beetles (D:3)
  A jelly (D:5)
  3 hounds
  2 orc priests (D:4)
  A sleepcap (D:5)
  Jessica (D:2)
  3 iguanas
  4 orc wizards (D:4)
  12 gnolls
  5 adders
  2 dart slugs
  2 ribbon worms
  13 orcs
  A ball python (D:1)
  7 endoplasms
  5 giant cockroaches
  8 goblins
  4 hobgoblins
  5 jackals
  2 quokkas
  7 bats
  3 frilled lizards
  6 kobolds
  4 rats
110 creatures vanquished.

Notes
Turn   | Place    | Note
-------+----------+-------------------------------------------
     0 | D:1      | anacleto the Troll Gladiator began the quest for the Orb.
     0 | D:1      | Reached XP level 1. HP: 19/19 MP: 0/0
   113 | D:1      | Reached XP level 2. HP: 27/28 MP: 1/1
   518 | D:1      | Reached XP level 3. HP: 35/35 MP: 2/2
  1030 | D:2      | Noticed Sigmund
  1067 | D:2      | Killed Sigmund
  1068 | D:2      | Reached skill level 4 in Unarmed Combat
  1068 | D:2      | Reached skill level 1 in Invocations
  1068 | D:2      | Reached skill level 1 in Shapeshifting
  1068 | D:2      | Reached XP level 4. HP: 36/44 MP: 2/4
  1068 | D:2      | Reached XP level 5. HP: 41/50 MP: 2/5
  1517 | D:2      | Reached XP level 6. HP: 61/61 MP: 6/6
  1557 | D:3      | Noticed Jessica
  1565 | D:2      | Killed Jessica
  2497 | D:4      | Reached XP level 7. HP: 43/67 MP: 7/7
  2500 | D:4      | Reached skill level 5 in Unarmed Combat
  2503 | D:4      | Noticed a two-headed ogre
  2913 | D:4      | Killed a two-headed ogre
  2914 | D:4      | Reached skill level 6 in Unarmed Combat
  2914 | D:4      | Reached XP level 8. HP: 42/79 MP: 7/9
  3113 | D:4      | Found a sparkling altar of Nemelex Xobeh.
  3133 | D:5      | Entered Level 5 of the Dungeon
  3149 | D:5      | Found an ornate altar of the Wu Jian Council.
  3879 | D:5      | Found Jaupi's Jewellery Boutique.
  3970 | D:5      | Reached skill level 5 in Fighting
  4534 | D:6      | Noticed a komodo dragon
  4546 | D:6      | Slain by a komodo dragon

Illustrated notes

Levels and vault maps discovered:
D:1:      lightli_iron_boxes, layout_basic, minmay_tripent
D:2:      layout_basic, uniq_sigmund
D:3:      layout_basic, uniq_jessica
D:4:      layout_gridville, kennysheep_mini
D:5:      layout_cave_pods, lemuel_crystal_altar, serial_shops,
          nicolae_shop_tiny_waterfront
D:6:      layout_loops_ring, nicolae_dithmenos_shadow_blocks,
          nicolae_zig_zag_zippers

Skill      XL: |  1  2  3  4  5  6  7  8 |
---------------+-------------------------+-----
Throwing       | 2 3 4 |  4.3
Fighting       | 2 3 4 5 |  5.2
Unarmed Combat | 4 6 |  6.7
Invocations    | 1 2 3 |  3.7
Shapeshifting  | 1 2 3 |  3.5
Dodging        | |  2.4

Action                     |  1- 3 |  4- 6 |  7- 9 || total
---------------------------+-------+-------+-------++-------
  Melee: Unarmed           |    80 |   101 |   118 ||   299
         Punch             |     2 |     2 |     6 ||    10
  Throw: Throwing net      |       |     3 |     2 ||     5
         Dart              |       |       |     2 ||     2
    Use: Scroll            |     2 |     3 |     1 ||     6
   Stab: Sleeping          |     2 |     1 |       ||     3
 Armour: Robe              |    58 |    99 |    94 ||   251
  Dodge: Dodged            |    52 |    44 |    71 ||   167

Table legend: (Time is in decaauts)
 A = Elapsed time spent in this place.
 B = Non-inter-level travel time spent in this place.
 C = Inter-level travel time spent in this place.
 D = Time resting spent in this place.
 E = Time spent auto-exploring this place.
 F = Levels seen in this place.
 G = Mean time per level.
                   A        B        C        D        E       F      G
               +--------+--------+--------+--------+--------+-----+--------+
         Total |   4526 |   4330 |    196 |    649 |   2371 |   6 |  754.3 |
       Dungeon |   4526 |   4330 |    196 |    649 |   2371 |   6 |  754.3 |
               +--------+--------+--------+--------+--------+-----+--------+

Top non-repeatable levels by time:
     D:5: 1084 daAuts
     D:2: 1039 daAuts
     D:4: 1025 daAuts
     D:1: 659 daAuts
     D:3: 598 daAuts
     D:6: 118 daAuts
